 Dungeon Crawl Stone Soup version 0.31-a0-188-g5e087ee2ca (webtiles) character file.

Game seed: 9364676186564552221

105 qw the Skirmisher (level 4, -4/25 HPs)
             Began as a Deep Elf Hunter on June 23, 2023.
             Slain by an orc
             ... wielding a +0 morningstar
              (10 damage)
             ... on level 4 of the Dungeon.
             The game lasted 00:00:53 (2195 turns).

qw the Skirmisher (Deep Elf Hunter)                 Turns: 2195, Time: 00:00:53

Health: -4/25      AC:  5    Str: 10    XL:     4   Next: 54%
Magic:  6/6        EV: 11    Int: 14    God:
Gold:   126        SH:  0    Dex: 18    Spells: 3/3 levels left

rFire   . . .        Y - +0 shortbow
rCold   . . .        (shield currently unavailable)
rNeg    . . .        g - +0 ring mail
rPois   +            (no helmet)
rElec   .            (no cloak)
rCorr   .            (no gloves)
SInv    .            (no boots)
Will    .....        (no amulet)
Stlth   +            j - ring of poison resistance
HPRegen 0.24/turn    (no ring)
MPRegen 0.10/turn

%: no passive effects
@: no status effects
A: no striking features
a: no special abilities


You were on level 4 of the Dungeon.
You visited 1 branch of the dungeon, and saw 4 of its levels.

You collected 126 gold pieces.


   Skills:
 - Level 1.5 Fighting
 + Level 8.0 Ranged Weapons
 - Level 2.4 Dodging
 - Level 1.2 Stealth


You had 3 spell levels left.
You didn't know any spells.
Your spell library was empty.

Inventory:

Hand Weapons
 Y - a +0 shortbow (weapon)
Armour
 g - a +0 ring mail (worn)
Jewellery
 j - a ring of poison resistance (left hand)
Potions
 a - a potion of berserk rage {unknown}
 b - a potion of attraction {unknown}
 c - a potion of degeneration {unknown}
 d - a potion of might {unknown}
 e - a potion of brilliance {unknown}
 f - a potion of cancellation {unknown}
 i - a potion of curing {unknown}
 k - a potion of invisibility {unknown}

Dungeon Overview and Level Annotations

Branches:
Dungeon (4/15)
 Temple: D:4-7

Altars:


Message History

Really abort (and waste the scroll)?
Partly explored, can't reach some places.
(D) Dungeon
Where to? (* - list waypoints, Enter - D:3, ? - help)
What level of the Dungeon? (default 1, ? - help)
You see here a +0 robe.
There is a stone staircase leading down here.
You climb downwards.
Found a viscous grey potion.
There is a stone staircase leading up here.
Waypoint 3 assigned to D:4.
a - a viscous grey potion
Found a stone staircase leading up.
Found a stone staircase leading down.
There is a stone staircase leading up here.
Found a ring mail.
Found a stone staircase leading down.
Found a stone staircase leading down.
An adder comes into view.
Found Maxwell's Memoranda.
The adder moves out of view.
An orc comes into view. It is wielding a +0 morningstar.
Found a scroll of identify.
The orc shouts!
You shoot an arrow. The arrow barely misses the orc.
You shoot an arrow. The arrow closely misses the adder.
You shoot an arrow. The arrow hits the adder.
The adder is lightly wounded.
The adder misses you.
You shoot an arrow. The arrow closely misses the adder.
The arrow barely misses the orc.
The adder bites you. x2
You shoot an arrow. The arrow closely misses the adder.
The arrow closely misses the orc.
The adder bites you but does no damage.
You shoot an arrow. The arrow barely misses the adder.
The adder bites you. The orc hits you with a +0 morningstar!
The adder barely misses you. The orc hits you with a +0 morningstar.
You shoot an arrow. The arrow hits the adder.
The adder is moderately wounded.
The adder bites you but does no damage. The orc hits you with a +0 morningstar!
You die...

##.....#.# #........
## ##....^..### ...
.......... ...>
.......#
.....##>...#
.:....o....#
#..[.S@...#
?.>$.####.## ####
... #.###...##... .
#..#......... #.##
##.............
#....##<............
#................
####............
##.#...#...


You could see an adder and an orc.

Vanquished Creatures
  3 adders
  4 dart slugs
  An orc (D:3)
  An endoplasm (D:2)
  6 giant cockroaches
  2 goblins (D:3)
  6 hobgoblins
  3 jackals (D:1)
  4 quokkas
  13 ball pythons
  4 bats
  5 frilled lizards
  9 kobolds
  6 rats
67 creatures vanquished.

Notes
Turn   | Place    | Note
-------+----------+-------------------------------------------
     0 | D:1      | qw the Deep Elf Hunter began the quest for the Orb.
     0 | D:1      | Reached XP level 1. HP: 12/12 MP: 3/3
     0 | D:1      | 0 ||| qw: Version: 0.3-a-9-g12657ce
     0 | D:1      | 0 ||| qw: Game counter: 3142
     0 | D:1      | 0 ||| qw: Always use a shield: true
     0 | D:1      | 0 ||| qw: God list: Okawaru
     0 | D:1      | 0 ||| qw: Allow faded altars: false
     0 | D:1      | 0 ||| qw: Do Orc after D:15 true
     0 | D:1      | 0 ||| qw: Do second Lair branch before Depths: true
     0 | D:1      | 0 ||| qw: Lair rune preference: random
     0 | D:1      | 0 ||| qw: Plans: Normal
     0 | D:1      | 0 ||| PLANNING D:1-11
   162 | D:1      | Reached skill level 6 in Ranged Weapons
   162 | D:1      | Reached XP level 2. HP: 14/16 MP: 4/4
   926 | D:1      | 926 ||| UPGRADING to +0 scale mail.
   936 | D:1      | 936 ||| DROPPING +0 leather armour.
   937 | D:1      | 937 ||| DROPPING ring of flight.
   938 | D:1      | 938 ||| DROPPING scroll of butterflies.
   965 | D:2      | Reached XP level 3. HP: 18/20 MP: 5/5
  1059 | D:2      | Reached skill level 7 in Ranged Weapons
  1404 | D:2      | 1404 ||| UPGRADING to +0 ring mail.
  1414 | D:2      | 1414 ||| DROPPING +0 scale mail.
  1415 | D:2      | 1415 ||| READING scroll labelled VUOBAE TYLI.
  1416 | D:2      | 1416 ||| READING scroll labelled USHENES LIYBOTH.
  1523 | D:3      | Reached XP level 4. HP: 25/25 MP: 6/6
  1975 | D:3      | Reached skill level 8 in Ranged Weapons
  2131 | D:3      | 2131 ||| DROPPING ring of magical power.
  2132 | D:3      | 2132 ||| UPGRADING to ring of poison resistance.
  2133 | D:3      | 2133 ||| READING scroll labelled XUEPIE RUKHLISI.
  2134 | D:3      | 2134 ||| READING scroll labelled QUPYAL IWOMOYTI.
  2194 | D:4      | HP: 5/25 [orc/+0 morningstar (4)]
  2195 | D:4      | Slain by an orc

Levels and vault maps discovered:
D:1:      giann_bridges, layout_basic, minivault_19, minmay_misc_feat_room,
          solitary_fountain, minmay_splitting_lines
D:2:      layout_rooms
D:3:      layout_loops_cross, minmay_crystal_water
D:4:      layout_rooms, mainiacjoe_overflow_six_doors_small

Skill      XL: |  1  2  3  4 |
---------------+-------------+-----
Ranged Weapons | 6 7 8 |  8.0
Fighting       | |  1.5
Dodging        | |  2.4
Stealth        | |  1.2

Action                     |  1- 3 |  4- 6 || total
---------------------------+-------+-------++-------
   Fire: Shortbow          |   141 |    62 ||   203
    Use: Scroll            |     2 |     2 ||     4
 Armour: Leather armour    |     6 |       ||     6
         Scale mail        |    17 |       ||    17
         Ring mail         |     7 |     7 ||    14
  Dodge: Dodged            |    45 |    11 ||    56

Table legend:
 A = Non-vault XP
 B = Vault XP
 C = Vault XP percentage of total XP
 D = Non-vault monster count
 E = Vault monster count
 F = Vault count percentage of total count
                 A         B        C        D         E       F
            +---------+---------+-------+---------+---------+-------
      Total |     151 |       0 |   0.0 |      67 |       0 |   0.0
            +---------+---------+-------+---------+---------+-------
        D:1 |      37 |       0 |   0.0 |      19 |       0 |   0.0
        D:2 |      53 |       0 |   0.0 |      25 |       0 |   0.0
        D:3 |      61 |       0 |   0.0 |      23 |       0 |   0.0
            +---------+---------+-------+---------+---------+-------
